 Dungeon Crawl Stone Soup version 0.29.0-4-gdea44cf6ec (webtiles) character file.

Game seed: 12991411145657593038

671 qw the Chopper (level 7, -7/41 HPs)
             Began as a Tengu Warper on Aug 28, 2022.
             Was an Initiate of Okawaru.
             Mangled by an orc warrior
             ... wielding a +0 war axe
              (15 damage)
             ... on level 6 of the Dungeon.
             The game lasted 00:00:37 (5536 turns).

qw the Chopper (Tengu Warper)                       Turns: 5536, Time: 00:00:38

Health: -7/41      AC: 14    Str: 17    XL:     7   Next: 58%
Magic:  11/11      EV:  8    Int: 13    God:    Okawaru [......]
Gold:   286        SH:  4    Dex: 13    Spells: 10/10 levels left

rFire   . . .      SeeInvis .   Y - +0 hand axe
rCold   . . .      Faith    .   i - +0 buckler
rNeg    . . .      Spirit   .   d - +0 chain mail
rPois   .          Reflect  .   (helmet restricted)
rElec   .          Harm     .   g - +1 cloak
rCorr   .          Rampage  .   h - +2 pair of gloves {Str+3}
Will    .....                   (boots unavailable)
Stlth   ..........              (no amulet)
HPRegen 0.13/turn               (no ring)
MPRegen 0.12/turn               (no ring)

@: about to teleport, flying quickly and evasively, quick
A: beak, talons 3, nimble flight
a: Renounce Religion


You were on level 6 of the Dungeon.
You worshipped Okawaru.
Okawaru was noncommittal.
You visited 1 branch of the dungeon, and saw 6 of its levels.

You collected 349 gold pieces.
You spent 63 gold pieces at shops.


Innate Abilities, Weirdness & Mutations

You have a beak for a mouth.
You have claws for feet.
Your magical nature lets you fly swiftly and evasively.


   Skills:
 - Level 3.2 Fighting
 + Level 7.7 Axes
 - Level 1.0 Throwing
 - Level 2.8 Armour
 - Level 2.1 Dodging
 - Level 2.0 Shields
 - Level 2.0 Spellcasting
 - Level 2.4 Translocations
 - Level 0.1 Invocations


You had 10 spell levels left.
You didn't know any spells.
Your spell library contained the following spells:

 Spells                   Type           Power      Damage    Failure   Level
 Blink                    Tloc           14%        N/A       96%         2
 Gell's Gravitas          Tloc           7%         N/A       99%         3
 Lesser Beckoning         Tloc           7%         N/A       99%         3
 Teleport Other           Tloc           7%         N/A       99%         3
 Manifold Assault         Tloc           7%         N/A       100%        5

Inventory:

Hand Weapons
 b - a +0 flail
 Y - a +0 hand axe (weapon)
Armour
 d - a +0 chain mail (worn)
 g - a +1 cloak (worn)
 h - a +2 pair of gloves of strength (worn)
 i - a +0 buckler (worn)
Scrolls
 j - 2 scrolls of teleportation
 k - a scroll of identify
Potions
 c - a potion of resistance
 e - a potion of brilliance {unknown}
 f - a potion of mutation {unknown}
 l - a potion of curing {unknown}
 m - a potion of flight {unknown}
 o - 2 potions of haste

Dungeon Overview and Level Annotations

Branches:
Dungeon (6/15)             Temple (0/1) D:6

Altars:
Okawaru
The Shining One

Shops:
D:4 :[

Annotations:
D:4 2 transporters, qw's ghost, amateur TeWr


Message History

You claw the orc warrior, but do no damage.
The orc warrior is almost dead.
You closely miss the orc priest.
The orc priest hits you but does no damage.
The orc warrior hits you with a +0 war axe!
You hit the orc warrior but do no damage.
Your peck misses the orc warrior.
The orc warrior is almost dead.
You barely miss the orc priest.
The orc priest hits you but does no damage.
The orc warrior hits you but does no damage.
You completely miss the orc warrior.
You peck the orc warrior, but do no damage.
The orc warrior is almost dead.
You hit the orc priest but do no damage.
The orc priest hits you but does no damage.
The orc warrior hits you with a +0 war axe.
You hit the orc warrior but do no damage.
The orc warrior is almost dead.
You hit the orc priest but do no damage.
The orc priest hits you but does no damage.
The orc warrior hits you with a +0 war axe.
You closely miss the orc warrior.
You claw the orc warrior, but do no damage.
The orc warrior is almost dead.
You hit the orc priest but do no damage.
The orc priest calls down the wrath of Beogh upon you.
Beogh smites you!
The orc warrior hits you but does no damage.
5535 ||| READING 3 scrolls of teleportation.
As you read the scroll of teleportation, it crumbles to dust.
You feel strangely unstable. The orc priest barely misses you.
The orc warrior closely misses you.
You closely miss the orc warrior. Your peck misses the orc warrior.
The orc warrior is almost dead.
You hit the orc priest but do no damage.
The orc priest calls upon Beogh to heal the orc warrior.
The orc warrior is healed somewhat.
The orc warrior hits you with a +0 war axe!
You die...

### ..# #. #.# #...###.#
#.o.o...## #o.# #@o#
######+#.
###+#.###..#####........
#.....P.PP....##........
#.....PP..###..)........
#.....P>.P....##........
#....PPPP.....##........
...
#.....P.......##........


PP. #.............##........ .... #....................... You could see an orc
warrior and an orc priest.

Vanquished Creatures
  Pargi (D:3)
  An ice beast (D:5)
  A phantom (D:3)
  A hound (D:5)
  An orc priest (D:5)
  2 iguanas (D:4)
  2 orc wizards (D:4)
  Terence (D:2)
  Robin (D:3)
  6 adders
  A white imp (D:5)
  2 worms (D:2)
  8 dart slugs
  13 orcs
  3 endoplasms
  9 giant cockroaches
  14 goblins
  12 hobgoblins
  3 jackals (D:5)
  5 quokkas
  9 ball pythons
  7 bats
  7 frilled lizards
  14 kobolds
  6 rats
130 creatures vanquished.

Vanquished Creatures (others)
  3 fungi (D:3)
  3 toadstools (D:3)
6 creatures vanquished.

Grand Total: 136 creatures vanquished

Notes
Turn   | Place    | Note
-------+----------+-------------------------------------------
     0 | D:1      | qw the Tengu Warper began the quest for the Orb.
     0 | D:1      | Reached XP level 1. HP: 12/12 MP: 4/4
     0 | D:1      | 0 ||| qw: Version: 0.1-a-89-g26bdef1
     0 | D:1      | 0 ||| qw: Game counter: 2387
     0 | D:1      | 0 ||| qw: Always use a shield: true
     0 | D:1      | 0 ||| qw: God list: Okawaru
     0 | D:1      | 0 ||| qw: Allow faded altars: false
     0 | D:1      | 0 ||| qw: Do Orc after D:15 true
     0 | D:1      | 0 ||| qw: Do second Lair branch before Depths: true
     0 | D:1      | 0 ||| qw: Lair rune preference: random
     0 | D:1      | 0 ||| qw: Plans: Normal
     0 | D:1      | 0 ||| PLANNING D:1-11
    15 | D:1      | 15 ||| Stepping ~*~*~tactically~*~*~ (stealth).
   158 | D:1      | Reached skill level 3 in Axes
   158 | D:1      | Reached XP level 2. HP: 17/17 MP: 6/6
   674 | D:1      | 674 ||| Stepping ~*~*~tactically~*~*~ (stealth).
   826 | D:1      | Found a faded altar of an unknown god.
   834 | D:1      | Reached XP level 3. HP: 21/21 MP: 7/7
   835 | D:1      | 835 ||| Stepping ~*~*~tactically~*~*~ (stealth).
   893 | D:1      | Reached skill level 4 in Axes
  1118 | D:1      | 1118 ||| Stepping ~*~*~tactically~*~*~ (stealth).
  1123 | D:1      | 1123 ||| Stepping ~*~*~tactically~*~*~ (stealth).
  1127 | D:1      | 1127 ||| Stepping ~*~*~tactically~*~*~ (stealth).
  1145 | D:1      | 1145 ||| Stepping ~*~*~tactically~*~*~ (stealth).
  1149 | D:1      | 1149 ||| Stepping ~*~*~tactically~*~*~ (hiding).
  1175 | D:1      | 1175 ||| Stepping ~*~*~tactically~*~*~ (stealth).
  1181 | D:1      | 1181 ||| Stepping ~*~*~tactically~*~*~ (stealth).
  1183 | D:1      | 1183 ||| Stepping ~*~*~tactically~*~*~ (stealth).
  1186 | D:1      | 1186 ||| Stepping ~*~*~tactically~*~*~ (hiding).
  1187 | D:1      | 1187 ||| Stepping ~*~*~tactically~*~*~ (hiding).
  1267 | D:1      | 1267 ||| UPGRADING to +0 ring mail.
  1277 | D:1      | 1277 ||| DROPPING +0 leather armour.
  1278 | D:1      | 1278 ||| UPGRADING to +2 pair of gloves of strength.
  1283 | D:1      | 1283 ||| READING scroll labelled SOTECISMUDU.
  1284 | D:1      | 1284 ||| READING scroll labelled XAODGH IVVEIHAPN.
  1285 | D:1      | 1285 ||| READING 2 scrolls labelled PEEDUSSO TIUSO.
  1290 | D:1      | 1290 ||| DROPPING scroll of blinking.
  1313 | D:2      | 1313 ||| STAIRDANCE
  1664 | D:2      | Reached XP level 4. HP: 17/26 MP: 8/8
  1831 | D:2      | Noticed Terence
  1835 | D:2      | Killed Terence
  1836 | D:2      | Reached skill level 5 in Axes
  1923 | D:2      | 1923 ||| Stepping ~*~*~tactically~*~*~ (stealth).
  2478 | D:2      | 2478 ||| UPGRADING to +0 scale mail.
  2488 | D:2      | 2488 ||| DROPPING +0 ring mail.
  2489 | D:2      | 2489 ||| UPGRADING to +0 buckler.
  2494 | D:2      | 2494 ||| READING scroll labelled PUUCWO GAIG.
  2495 | D:2      | 2495 ||| READING scroll labelled BITHAL ZYLOOG.
  2586 | D:3      | Reached skill level 1 in Shields
  2586 | D:3      | Gained mutation: Your magical nature lets you fly swiftly
                  | and evasively. [Tengu growth]
  2586 | D:3      | Reached XP level 5. HP: 28/30 MP: 9/9
  2665 | D:3      | Noticed Pargi
  2677 | D:3      | Killed Pargi
  2678 | D:3      | Reached skill level 6 in Axes
  2849 | D:3      | 2849 ||| DROPPING +0 club.
  2935 | D:3      | Found a glowing golden altar of the Shining One.
  2987 | D:3      | Noticed a phantom
  2997 | D:3      | Killed a phantom
  2998 | D:3      | Reached XP level 6. HP: 27/35 MP: 10/10
  3005 | D:3      | Reached skill level 7 in Axes
  3182 | D:3      | Found an iron altar of Okawaru.
  3190 | D:3      | Became a worshipper of Warmaster Okawaru
  3237 | D:3      | Noticed Robin
  3252 | D:3      | Killed Robin
  3439 | D:3      | 3439 ||| READING scroll labelled LENOKKESCHO.
  3440 | D:3      | 3440 ||| READING scroll labelled KUNTUMO GOYLI.
  3441 | D:3      | 3441 ||| READING scroll labelled SAYSAR RUFRU.
  3442 | D:3      | 3442 ||| READING 3 scrolls of identify.
  3442 | D:3      | 3442 ||| IDENTIFYING inky potion
  3443 | D:3      | 3443 ||| READING 2 scrolls of identify.
  3443 | D:3      | 3443 ||| IDENTIFYING fuming brown potion
  3444 | D:3      | 3444 ||| DROPPING potion of lignification.
  3482 | D:4      | 3482 ||| PLANNING SEWER
  3746 | D:4      | 3746 ||| Stepping ~*~*~tactically~*~*~ (hiding).
  3750 | D:4      | Found Qaebu's Vocational Training.
  3759 | D:4      | Reached skill level 3 in Fighting
  3766 | D:4      | HP: 9/37 [poisoned by an adder]
  3767 | D:4      | 3767 ||| READING 3 scrolls of teleportation.
  3768 | D:4      | 3768 ||| DRINKING potion of heal wounds.
  3877 | D:4      | 3877 ||| Invisible monster not found???
  3919 | D:4      | Found Qeyrodieph's Armour Shop.
  3927 | D:4      | 3927 ||| BUYING +0 chain mail (63 gold).
  3927 | D:4      | Bought a +0 chain mail for 63 gold pieces
  4062 | D:4      | 4062 ||| Stepping ~*~*~tactically~*~*~ (hiding).
  4202 | D:4      | 4202 ||| Stepping ~*~*~tactically~*~*~ (stealth).
  4207 | D:4      | Reached XP level 7. HP: 41/41 MP: 11/11
  4285 | D:4      | Found a transporter.
  4285 | D:4      | Noticed qw's ghost (amateur TeWr)
  4287 | D:4      | Found a transporter.
  4313 | D:4      | 4313 ||| RIP SEWER
  4400 | D:4      | 4400 ||| PLANNING D:1-11
  4529 | D:4      | 4529 ||| UPGRADING to +0 chain mail.
  4539 | D:4      | 4539 ||| DROPPING +0 scale mail.
  4540 | D:4      | 4540 ||| READING scroll labelled MEATIU OSOBLASK.
  4541 | D:4      | 4541 ||| READING scroll labelled KUAXAFU XIYGU.
  4542 | D:4      | 4542 ||| DRINKING 2 lumpy cyan potions.
  4564 | D:5      | Entered Level 5 of the Dungeon
  4607 | D:5      | 4607 ||| DROPPING +0 whip.
  4696 | D:5      | Reached * piety under Okawaru
  4823 | D:5      | 4823 ||| INVOKING Heroism.
  4824 | D:5      | 4824 ||| INVOKING Heroism.
  4825 | D:5      | 4825 ||| INVOKING Heroism.
  4939 | D:5      | 4939 ||| INVOKING Heroism.
  5184 | D:5      | 5184 ||| Stepping ~*~*~tactically~*~*~ (stealth).
  5185 | D:5      | 5185 ||| Stepping ~*~*~tactically~*~*~ (stealth).
  5399 | D:5      | 5399 ||| UPGRADING to +0 cloak.
  5404 | D:5      | 5404 ||| READING scroll of enchant armour.
  5404 | D:5      | 5404 ||| ENCHANTING +0 cloak.
  5405 | D:5      | 5405 ||| READING 3 scrolls of identify.
  5405 | D:5      | 5405 ||| IDENTIFYING white potion
  5406 | D:5      | 5406 ||| READING 2 scrolls of identify.
  5406 | D:5      | 5406 ||| IDENTIFYING sedimented purple potion
  5407 | D:5      | 5407 ||| DROPPING potion of berserk rage.
  5434 | D:5      | 5434 ||| Stepping ~*~*~tactically~*~*~ (stealth).
  5472 | D:6      | Found a staircase to the Ecumenical Temple.
  5515 | D:6      | 5515 ||| Stepping ~*~*~tactically~*~*~ (stealth).
  5517 | D:6      | 5517 ||| INVOKING Heroism.
  5518 | D:6      | 5518 ||| Stepping ~*~*~tactically~*~*~ (hiding).
  5534 | D:6      | HP: 8/41 [orc priest/divine providence (15)]
  5535 | D:6      | 5535 ||| READING 3 scrolls of teleportation.
  5536 | D:6      | Mangled by an orc warrior

Levels and vault maps discovered:
D:1:      lightli_arrival_boilingwater, layout_basic,
          shapermc_ecumenical_altar_venn, minmay_hexomino_c4
D:2:      layout_basic, uniq_terence
D:3:      layout_loops_ring, mainiacjoe_overflow_tiny_flanked, tso_metal_star,
          minmay_gold_behind_fungi, uniq_robin, uniq_pargi
D:4:      layout_cave_pods, gammafunk_ghost_mausoleum, portal_sewer_entry_f,
          serial_shops, nicolae_shop_waterfront, nicolae_shop_vocational
D:5:      layout_gridville
D:6:      layout_basic, minmay_temple_entry_overgrown, st_stairs_3,
          minmay_hedge_maze, minmay_holes, minmay_stone_trees_small,
          minmay_quadrilaterals, uniq_duvessa, uniq_blork_the_orc

Skill      XL: |  1  2  3  4  5  6  7 |
---------------+----------------------+-----
Axes           | 3 4 5 6 7 |  7.7
Shields        | 1 2 |  2.0
Fighting       | 3 |  3.2
Armour         | 2 |  2.8
Throwing       | |  1.0
Dodging        | |  2.1
Spellcasting   | |  2.0
Translocations | |  2.4
Invocations    | |  0.1

Action                   |  1- 3 |  4- 6 |  7- 9 || total
-------------------------+-------+-------+-------++-------
Melee: Hand axe          |   113 |   168 |    87 ||   368
       Peck              |     9 |    26 |    13 ||    48
       Kick              |    27 |    42 |    23 ||    92
Throw: Boomerang         |     7 |     6 |    12 ||    25
Invok: Heroism           |       |       |     3 ||     3
  Use: Scroll            |     3 |     8 |     6 ||    17
       Potion            |       |     1 |     1 ||     2
Armor: Leather armour    |    20 |       |       ||    20
       Ring mail         |     4 |     7 |       ||    11
       Scale mail        |       |    53 |     4 ||    57
       Chain mail        |       |       |    34 ||    34
Dodge: Dodged            |    53 |    81 |    22 ||   156
Block: Buckler           |       |    22 |     9 ||    31

Table legend:
 A = Non-vault XP
 B = Vault XP
 C = Vault XP percentage of total XP
 D = Non-vault monster count
 E = Vault monster count
 F = Vault count percentage of total count
                 A         B        C        D         E       F
            +---------+---------+-------+---------+---------+-------
      Total |     730 |     229 |  23.9 |     106 |      24 |  18.5
            +---------+---------+-------+---------+---------+-------
        D:1 |      57 |      13 |  18.6 |      31 |       7 |  18.4
        D:2 |      43 |      32 |  42.7 |      16 |       1 |   5.9
        D:3 |     138 |     174 |  55.8 |      16 |      11 |  40.7
        D:4 |     208 |      10 |   4.6 |      24 |       5 |  17.2
        D:5 |     278 |       0 |   0.0 |      17 |       0 |   0.0
        D:6 |       6 |       0 |   0.0 |       2 |       0 |   0.0
            +---------+---------+-------+---------+---------+-------
